 Dungeon Crawl Stone Soup version 0.24-a0-284-g9fb9971 (webtiles) character file.

Game seed: 12104592361818112087

11670 mhoghedin the Nimble (level 11, -1/97 HPs)
             Began as a Demigod Summoner on May 5, 2019.
             Slain by a death yak (22 damage)
             ... on level 2 of the Lair of Beasts.
             The game lasted 01:01:59 (15373 turns).

mhoghedin the Nimble (Demigod Summoner)            Turns: 15373, Time: 01:02:00

Health: -1/97      AC:  7    Str: 11    XL:     11   Next: 28%
Magic:  3/24       EV: 18    Int: 25    God:
Gold:   946        SH:  5    Dex: 18    Spells: 6/22 levels left

rFire    + + +     SeeInvis +   l - +2 falchion (freeze)
rCold    + . .     Gourm    .   b - +0 buckler
rNeg     . . .     Faith    .   u - +1 robe {rC+ rF+}
rPois    .         Spirit   .   (no helmet)
rElec    .         Reflect  .   (no cloak)
rCorr    .         Harm     .   d - +2 pair of gloves
MR       +....                  f - +0 pair of boots
Stlth    ++........             (no amulet)
HPRegen  0.26/turn              k - ring of protection from fire {rF+, !d}
MPRegen  0.19/turn              r - ring of Fueven {+Inv rF+ Dex+2 SInv}

@: very slightly contaminated, drained
A: high mp 1
a: Evoke Invisibility


You were on level 2 of the Lair of Beasts.
You were not hungry.

You visited 2 branches of the dungeon, and saw 13 of its levels.
You also visited: Ice Cave.

You collected 946 gold pieces.

Inventory:

Hand Weapons
 l - a +2 falchion of freezing (weapon)
   (You took it off a wight on level 10 of the Dungeon)
Armour
 b - a +0 buckler (worn)
   (You found it on level 1 of the Dungeon)
 d - a +2 pair of gloves (worn)
   (You found it on level 1 of the Dungeon)
 f - a +0 pair of boots (worn)
   (You found it on level 4 of the Dungeon)
 o - a +2 robe of magic resistance
   (You took it off Blork the orc on level 4 of the Dungeon)
 u - a +1 robe of resistance (worn)
   (You took it off an orc wizard on level 9 of the Dungeon)
Jewellery
 k - a ring of protection from fire (left hand) {rF+, !d}
   (You took it off a goblin on level 2 of the Dungeon)
 q - an uncursed ring of protection from cold {unknown}
   (You found it in an ice cave)
 r - the ring of Fueven (right hand) {+Inv rF+ Dex+2 SInv}
   (You found it on level 6 of the Dungeon)

   [ring of protection from fire]

   It affects your dexterity (+2).
   It protects you from fire.
   It lets you see invisible.
   It lets you turn invisible.
Wands
 g - a wand of polymorph (6)
   (You found it on level 10 of the Dungeon)
 m - a wand of acid (18)
   (You found it on level 6 of the Dungeon)
 v - a wand of enslavement (7)
   (You found it on level 1 of the Lair of Beasts)
Scrolls
 i - 4 scrolls of amnesia
 n - 6 scrolls of teleportation
 s - a scroll of remove curse
 t - a scroll of fear
 w - 2 scrolls of identify
 y - a scroll of magic mapping {!r}
Potions
 a - 2 potions of brilliance
 e - 5 potions of lignification {!q}
 h - 2 potions of flight
 j - 2 potions of heal wounds
 p - 3 potions of curing
Miscellaneous
 x - a fan of gales
   (You found it in an ice cave)
Comestibles
 c - 9 rations
 z - a chunk of flesh {@w0}


   Skills:
 + Level 9.0(8.2) Fighting
 + Level 9.2(8.5) Dodging
 - Level 1.7(1.1) Stealth
 - Level 4.0(3.3) Shields
 - Level 6.1(5.4) Spellcasting
 - Level 9.1(8.3) Summonings
 - Level 2.3(1.7) Ice Magic
 - Level 1.9(1.2) Air Magic


You had 6 spell levels left.
You knew the following spells:

 Your Spells              Type           Power        Failure   Level  Hunger
a - Summon Guardian Gole  Hex/Summ       ####....     4%          3    #......
b - Call Canine Familiar  Summ           #####...     1%          3    #......
c - Call Imp              Summ           #####...     1%          2    None
d - Summon Ice Beast      Ice/Summ       ####....     11%         4    ###....
e - Summon Lightning Spi  Summ/Air       ####....     12%         4    ###....

Your spell library contained the following spells:

 Spells                   Type           Power        Failure   Level  Hunger
 Summon Small Mammal      Summ           ####         1%          1    None
 Magic Dart               Conj           #...         9%          1    None
 Searing Ray              Conj           #.....       13%         2    None
 Dazzling Spray           Conj/Hex       #.....       26%         3    #......
 Cause Fear               Hex            #.........   63%         4    ###....
 Force Lance              Conj/Tloc      #.......     63%         4    ###....
 Fulminant Prism          Conj/Hex       #.........   63%         4    ###....
 Iskenderun's Mystic Bla  Conj           #.......     63%         4    ###....
 Silence                  Hex/Air        #.........   88%         5    #####..
 Yara's Violent Unravell  Hex/Tmut       #.........   93%         5    #####..
 Deflect Missiles         Chrm/Air       #.........   100%        6    ######.
 Discord                  Hex            #.........   100%        8    #######


Dungeon Overview and Level Annotations

Branches:
Dungeon (11/15)            Temple (0/1) D:5            Lair (2/6) D:8
    Orc (0/2) D:9
  Swamp: Lair:2-4    Shoals: Lair:2-4     Snake: Lair:2-4    Spider: Lair:2-4

Shops:
D:9 [

Portals:
Trove: D:10 (give 7 potions of agility)


Innate Abilities, Weirdness & Mutations

You have an increased reservoir of magic. (+10% MP)


Message History

You start resting.
Your wolf disappears in a puff of smoke!
Health restored: 97; MP restored: 24 No target in view!
No target in view!
w - 2 scrolls of identify (gained 1)
A crocodile and a death yak come into view.
There are monsters nearby!
The death yak gores the plant!!
A death yak comes into view.
The death yak bellows! x2; You hear a bellow!
A death yak comes into view.
The death yak snorts and paws the ground.
Okay, then.
Unknown command.
Aim: a death yak
Okay, then.
Unknown command.
Okay, then.
Unknown command.
A chill wind blows around you. The death yak misses you.
You now have 20/24 mp.
An electric hum fills the air.
The death yak gores you. The death yak barely misses you.
You take 6 damage, and have 91/97 hp.
You now have 16/24 mp.
Your ice beast closely misses the death yak.
A guardian golem appears, shielding your allies.
The death yak gores you!! The death yak gores you!
Your ice beast hits the death yak.
Your ice beast freezes the death yak!
You take 36 damage, and have 55/97 hp.
MASSIVE DAMAGE!!
You now have 13/24 mp.
The death yak gores your ice beast!!
Your ice beast hits the death yak but does no damage.
The death yak gores your ice beast.
Your ice beast barely misses the death yak.
Your lightning spire shoots out a bolt of lightning at the death yak!
The bolt of electricity hits the death yak.
The bolt of electricity hits the plant! x2
Okay, then.
Unknown command.
The death yak gores you! The death yak gores your ice beast!
Your ice beast closely misses the death yak.
You take 15 damage, and have 41/97 hp.
You now have 11/24 mp.
Your ice beast barely misses the death yak.
Your wolf bites the death yak.
The death yak gores your guardian golem!!
Your wolf bites the death yak!
Your ice beast hits the death yak but does no damage.
You see here a porcupine skeleton.
Your wolf bites the death yak.
The death yak gores your wolf.
The death yak gores your guardian golem.
Your ice beast barely misses the death yak.
Your wolf bites the death yak but does no damage.
Your wolf bites the death yak but does no damage.
The death yak closely misses your wolf.
The death yak gores your guardian golem!!
Your guardian golem is destroyed!
Your ice beast hits the death yak.
Your ice beast freezes the death yak.
Your wolf barely misses the death yak.
The death yak gores you but does no damage.
Your wolf bites the death yak.
Your ice beast hits the death yak but does no damage.
Your wolf bites the death yak but does no damage.
The death yak misses you.
Your wolf bites the death yak.
Your wolf bites the death yak!
Your wolf bites the death yak.
The death yak gores your wolf.
Your ice beast hits the death yak but does no damage.
Aim: a death yak (moderately wounded)
The bolt of acid hits the death yak!
The death yak is splashed with acid.
The acid corrodes the death yak!
Your wolf bites the death yak but does no damage.
The death yak gores you. The death yak barely misses your wolf.
Your wolf bites the death yak.
Your ice beast barely misses the death yak.
You take 2 damage, and have 41/97 hp.
Aim: a death yak (lightly wounded)
The bolt of acid hits the death yak!
The death yak is splashed with acid.
The bolt of acid hits the death yak!
The death yak is splashed with acid.
Your wolf bites the death yak!
You block the death yak's attack. The death yak closely misses your wolf.
Your ice beast hits the death yak but does no damage.
Your wolf bites the death yak.
A guardian golem appears, shielding your allies.
Your wolf bites the death yak but does no damage.
The death yak gores you but does no damage.
You now have 10/24 mp.
You miscast Summon Lightning Spire.
You are very lightly contaminated with residual magic.
Your head hurts.
The death yak misses you. Something gores your ice beast.
You now have 6/24 mp.
An electric hum fills the air.
Your wolf barely misses the death yak.
The death yak gores you!!
* * * LOW HITPOINT WARNING * * *
Something gores your wolf!
Your wolf bites the death yak!
You take 21 damage, and have 21/97 hp.
MASSIVE DAMAGE!!
You now have 2/24 mp.
Your wolf bites the death yak!
The death yak gores you!!
You die...

##.......### #...
#....8...P## #...
##.........# ## ##..P
#.....Y....## #.##..##
####..รท.....###.....##
#.........####....#
##.h8.......#.....#
##Y8.........>.###
#@#.........>....#
###..PPP..........
##)P.P).........
#.PPP..........
##.............
#.............
##.##P....#...
####....#..#.
#....##...


You could see 2 death yaks, a friendly guardian golem, a friendly wolf and a
friendly lightning spire.

Vanquished Creatures
  A blink frog (Lair:1)
  A wyvern (Lair:2)
  A water moccasin (Lair:1)
  A porcupine (Lair:2)
  A necrophage (D:9)
  A centaur (D:5)
  2 bullfrogs
  A bullfrog skeleton (D:5)
  2 hounds
  A worker ant (D:5)
  An ogre zombie (D:9)
  A howler monkey zombie (D:7)
  3 adders
  A shadow imp (D:5)
  A dart slug (D:2)
  5 leopard geckos
  2 orcs (D:9)
  4 giant cockroaches
  3 goblins
  6 hobgoblins
  7 jackals
  3 kobolds
  6 quokkas
  A ball python (D:3)
  7 bats
  5 frilled lizards
  A hobgoblin skeleton (D:9)
  A hobgoblin zombie (D:9)
  An orc skeleton (D:9)
  4 orc zombies (D:9)
  3 rats
78 creatures vanquished.

Vanquished Creatures (collateral kills)
  3 two-headed ogres
  An ugly thing (IceCv)
  2 oklob plants
  4 spiny frogs (Lair:1)
  A komodo dragon (Lair:1)
  A kobold demonologist (D:10)
  2 trolls
  A hippogriff (Lair:1)
  4 blink frogs (Lair:1)
  Sigmund (D:5)
  A yak (D:7)
  2 hogs (D:7)
  A human (D:7)
  3 hungry ghosts
  4 water moccasins
  3 porcupines (Lair:1)
  2 sky beasts
  2 black bears
  8 phantoms
  7 ice beasts
  3 wolves (Lair:1)
  3 ogres
  3 centaurs
  4 big kobolds (D:10)
  Blork the orc (D:4)
  10 bullfrogs
  2 scorpions (D:6)
  2 troll zombies (D:9)
  4 killer bees (D:7)
  3 wights (D:10)
  5 crimson imps
  A bullfrog zombie (D:9)
  3 hounds
  6 orc priests
  2 jellies
  8 orc wizards
  A gnoll shaman (D:6)
  2 centaur skeletons
  3 iguanas
  5 worker ants
  5 ogre zombies (D:9)
  A hound zombie (D:7)
  7 adders
  2 shadow imps
  2 oozes
  2 worms (D:2)
  4 dart slugs
  26 orcs
  A giant cockroach (D:6)
  4 goblins
  11 hobgoblins
  17 jackals
  8 kobolds
  4 quokkas
  A ball python zombie (D:6)
  5 bats
  2 frilled lizards (D:1)
  3 goblin zombies (D:9)
  A hobgoblin skeleton (D:9)
  A hobgoblin zombie (D:9)
  A kobold zombie (D:5)
  A leopard gecko skeleton (D:6)
  11 orc zombies (D:9)
  2 rats
  A rat zombie (D:5)
  A plant (Lair:1)
248 creatures vanquished.

Vanquished Creatures (others)
  A hog (D:7)
  An ice beast (IceCv)
  A big kobold (D:10)
  A hobgoblin zombie (D:9)
  3 fungi
  A plant (Lair:2)
8 creatures vanquished.

Grand Total: 334 creatures vanquished

Notes
Turn   | Place    | Note
-------+----------+-------------------------------------------
     0 | D:1      | mhoghedin the Demigod Summoner began the quest for the Orb.
     0 | D:1      | Reached XP level 1. HP: 14/14 MP: 5/5
   325 | D:1      | Reached skill level 2 in Spellcasting
   545 | D:1      | Reached XP level 2. HP: 19/20 MP: 7/7
   559 | D:1      | Learned a level 2 spell: Call Imp
   636 | D:1      | Reached skill level 4 in Summonings
  1358 | D:2      | Reached skill level 1 in Shields
  1384 | D:2      | Reached XP level 3. HP: 18/26 MP: 9/9
  1519 | D:2      | Learned a level 3 spell: Call Canine Familiar
  2564 | D:3      | Reached XP level 4. HP: 22/33 MP: 10/10
  2685 | D:3      | Reached skill level 2 in Shields
  2763 | D:3      | Found a sparkling altar of Nemelex Xobeh.
  2928 | D:3      | Learned a level 3 spell: Summon Guardian Golem
  3170 | D:4      | Noticed a phantom
  3171 | D:4      | Reached skill level 3 in Spellcasting
  3171 | D:4      | Reached XP level 5. HP: 38/38 MP: 12/12
  3222 | D:4      | Killed a phantom
  3535 | D:4      | Noticed a two-headed ogre
  3549 | D:4      | HP: 4/38 [two-headed ogre/+0 giant club (13)]
  3572 | D:5      | Entered Level 5 of the Dungeon
  3578 | D:5      | HP: 10/57 [worker ant (1)]
  3598 | D:5      | HP: 9/57 [worker ant (5)]
  3604 | D:5      | HP: 7/57 [poisoned by a worker ant]
  3612 | D:5      | HP: 7/57 [poisoned by a worker ant]
  3899 | D:5      | Noticed Sigmund
  3921 | D:4      | Reached skill level 5 in Summonings
  3989 | D:4      | Found an ornate altar of the Wu Jian Council.
  4183 | D:4      | Noticed an ogre
  4193 | D:4      | Noticed Blork the orc
  4194 | D:4      | Killed an ogre
  4194 | D:4      | Reached skill level 3 in Shields
  4194 | D:4      | Reached XP level 6. HP: 45/45 MP: 9/14
  4217 | D:4      | Killed Blork the orc
  4297 | D:4      | Learned a level 4 spell: Summon Ice Beast
  4470 | D:4      | Killed a two-headed ogre
  4470 | D:4      | Reached skill level 4 in Shields
  4470 | D:4      | Reached skill level 4 in Spellcasting
  4470 | D:4      | Reached XP level 7. HP: 50/50 MP: 0/16
  5014 | D:5      | Found a staircase to the Ecumenical Temple.
  5041 | D:5      | Killed Sigmund
  5041 | D:5      | Reached skill level 6 in Summonings
  5285 | D:5      | Noticed a +0 hand axe
  5287 | D:5      | Noticed a +0 hand axe
  5290 | D:5      | Found a hide-covered altar of Uskayaw.
  5507 | D:5      | Found a snail-covered altar of Cheibriados.
  5507 | D:5      | Found a hazy altar of Hepliaklqana.
  5512 | D:5      | Found a shattered altar of Ashenzari.
  5514 | D:5      | Found a shadowy altar of Dithmenos.
  5515 | D:5      | Found a basalt altar of Yredelemnul.
  5784 | D:6      | Reached skill level 5 in Spellcasting
  6122 | D:6      | Learned a level 4 spell: Summon Lightning Spire
  6137 | D:6      | Got a steaming iron ring
  6160 | D:6      | Identified the ring of Fueven {+Inv rF+ Dex+2 SInv} (You
                  | found it on level 6 of the Dungeon)
  6238 | D:6      | Reached XP level 8. HP: 24/57 MP: 7/19
  6711 | D:6      | Found an ancient bone altar of Kikubaaqudgha.
  6711 | D:6      | Found a sacrificial altar of Ru.
  7008 | D:6      | Reached skill level 7 in Summonings
  7197 | D:7      | Reached skill level 6 in Spellcasting
  7346 | D:7      | Reached skill level 8 in Summonings
  7407 | D:7      | Found a glowing golden altar of the Shining One.
  7424 | D:7      | Reached skill level 1 in Ice Magic
  7603 | D:7      | Reached skill level 1 in Air Magic
  7609 | D:7      | Reached skill level 2 in Ice Magic
  8415 | D:8      | Reached skill level 2 in Dodging
  8419 | D:8      | Reached skill level 1 in Fighting
  8432 | D:8      | Reached XP level 9. HP: 51/64 MP: 14/22
  8662 | D:8      | Found a staircase to the Lair.
  8683 | D:8      | Noticed a two-headed ogre
  8696 | D:8      | Killed a two-headed ogre
  8696 | D:8      | Reached skill level 2 in Fighting
  8696 | D:8      | Reached skill level 3 in Dodging
  8781 | D:8      | Found a burning altar of Makhleb.
  8783 | D:8      | Noticed a cacodemon
  8784 | D:8      | Found a glowing silver altar of Zin.
  8784 | D:8      | Noticed an angel
  9197 | D:9      | Reached skill level 3 in Fighting
  9543 | D:9      | Reached skill level 4 in Dodging
  9570 | D:9      | Found Zupsyzoa's Antique Armour Shop.
 10118 | D:9      | Reached skill level 4 in Fighting
 10394 | D:9      | Found a staircase to the Orcish Mines.
 10567 | D:9      | Found a shadowy altar of Dithmenos.
 10657 | D:9      | Reached skill level 5 in Dodging
 11003 | D:9      | Reached skill level 7 in Fighting
 11003 | D:9      | Reached skill level 8 in Dodging
 11003 | D:9      | Reached XP level 10. HP: 88/88 MP: 23/23
 11161 | D:10     | Entered Level 10 of the Dungeon
 11594 | D:10     | Noticed a two-headed ogre
 11668 | D:10     | Found a portal to a secret trove of treasure.
 12021 | D:10     | Killed a two-headed ogre
 12226 | Lair:1   | Entered Level 1 of the Lair of Beasts
 12479 | Lair:1   | Reached skill level 9 in Summonings
 12629 | Lair:1   | Reached skill level 8 in Fighting
 13442 | Lair:1   | Reached XP level 11. HP: 78/94 MP: 19/24
 14644 | Lair:2   | Reached skill level 9 in Dodging
 14667 | Lair:2   | Found a frozen archway.
 14686 | IceCv    | Entered an ice cave
 15202 | Lair:2   | Reached skill level 9 in Fighting
 15343 | Lair:2   | Noticed a death yak
 15344 | Lair:2   | Noticed a death yak
 15346 | Lair:2   | Noticed a death yak
 15372 | Lair:2   | HP: 21/97 [death yak (22)]
 15373 | Lair:2   | Slain by a death yak

Levels and vault maps discovered:
D:1:      sevenhm_arrival_forest_fort_small_6, layout_loops_ring
D:2:      layout_loops_ring, minmay_statues_item, kennysheep_generic_room_14
D:3:      layout_basic, nemelex_altar_shiori, first_ration, lemuel_old_faithful
D:4:      minmay_wonky_spiral, layout_loops_ring, marbit_many_paths,
          uniq_blork_the_orc
D:5:      layout_cave_pools, dancing_weapons_uskayaw,
          chequers_temple_overflow_minitemple, temple_doors_e, enter_ossuary_3,
          uniq_sigmund
D:6:      layout_loops_ring, chequers_temple_overflow_statue_of_worship,
          minmay_bent
D:7:      layout_loops_ring, kennysheep_mini, grunt_livestock, amethyst_killhole
D:8:      layout_rooms, grunt_temple_overflow_order_and_chaos_2,
          lair_entry_dummy
D:9:      layout_grid_maze, zombieorc2_lemuel, serial_shops, shop_fountains,
          grunt_dithmenos_smoke
D:10:     layout_rooms, enter_trove_6, special_room [special_room_kobold]
D:11:     layout_basic, uniq_psyche
Lair:1:   layout_long_grid, st_stairs_4, minmay_lair_oklob_chamber
Lair:2:   layout_hall_layers, portal_ice_cave_entry_pillars_1, basic_altar,
          minmay_lair_oklob_bushes, serial_bayou_lagoon_a, grunt_megastairs_1,
          infiniplex_staircase_pool

Skill      XL: |  1  2  3  4  5  6  7  8  9 10 11 |
---------------+----------------------------------+-----
Spellcasting   | 2 3 4 5 6 |  6.1
Summonings     | 4 5 6 8 9 |  9.1
Shields        | 1 2 3 4 |  4.0
Ice Magic      | 2 |  2.3
Air Magic      | 1 |  1.9
Dodging        | 2 8 9 |  9.2
Fighting       | 1 7 8 9 |  9.0
Stealth        | |  1.7

Action                   |  1- 3 |  4- 6 |  7- 9 | 10-12 || total
-------------------------+-------+-------+-------+-------++-------
Melee: Club              |    10 |       |       |       ||    10
       Dagger            |   156 |   113 |       |       ||   269
       Falchion          |       |       |   250 |   110 ||   360
 Cast: Summon Small Mamm |    17 |       |       |       ||    17
       Call Imp          |    19 |    13 |    10 |     1 ||    43
       Call Canine Famil |     4 |    10 |    15 |    20 ||    49
       Summon Ice Beast  |       |     3 |    26 |    12 ||    41
       Summon Guardian G |       |     2 |    35 |    22 ||    59
       Summon Lightning  |       |       |    37 |    30 ||    67
Evoke: Wand              |       |       |       |     2 ||     2
  Use: Scroll            |     6 |     1 |     6 |     3 ||    16
       Potion            |       |     5 |     2 |       ||     7
 Stab: Sleeping          |     6 |     1 |     4 |       ||    11
       Distracted        |     3 |     2 |     6 |     3 ||    14
  Eat: Chunk             |     7 |     4 |    17 |     4 ||    32
       Ration            |       |     1 |     5 |     5 ||    11
Armor: Robe              |    44 |    20 |   133 |    25 ||   222
       Skin              |       |    20 |       |       ||    20
Dodge: Dodged            |   133 |    55 |   210 |   134 ||   532
Block: Buckler           |    54 |    21 |    93 |    60 ||   228
       Rpst.: Falchion   |       |       |    56 |    33 ||    89

Table legend:
 A = Non-vault XP
 B = Vault XP
 C = Vault XP percentage of total XP
 D = Non-vault monster count
 E = Vault monster count
 F = Vault count percentage of total count
                 A         B        C        D         E       F
            +---------+---------+-------+---------+---------+-------
      Total |    8445 |    3176 |  27.3 |     257 |      72 |  21.9
            +---------+---------+-------+---------+---------+-------
        D:1 |      33 |       0 |   0.0 |      25 |       0 |   0.0
        D:2 |      57 |       1 |   1.7 |      34 |       1 |   2.9
        D:3 |      96 |       0 |   0.0 |      34 |       0 |   0.0
        D:4 |     759 |      74 |   8.9 |      16 |       2 |  11.1
        D:5 |     236 |     118 |  33.3 |      16 |       3 |  15.8
        D:6 |     387 |     180 |  31.7 |      17 |       7 |  29.2
        D:7 |     664 |     541 |  44.9 |      28 |       5 |  15.2
        D:8 |     808 |       0 |   0.0 |      13 |       0 |   0.0
        D:9 |     770 |     419 |  35.2 |      33 |      35 |  51.5
       D:10 |     920 |     439 |  32.3 |       9 |       9 |  50.0
       D:11 |     402 |       0 |   0.0 |       7 |       0 |   0.0
     Lair:1 |    2746 |     355 |  11.4 |      20 |       2 |   9.1
     Lair:2 |     567 |     279 |  33.0 |       5 |       1 |  16.7
      IceCv |       0 |     770 | 100.0 |       0 |       7 | 100.0
            +---------+---------+-------+---------+---------+-------

Levels and vault maps discovered:
D:1:      sevenhm_arrival_forest_fort_small_6, layout_loops_ring
D:2:      layout_loops_ring, minmay_statues_item, kennysheep_generic_room_14
D:3:      layout_basic, nemelex_altar_shiori, first_ration, lemuel_old_faithful
D:4:      minmay_wonky_spiral, layout_loops_ring, marbit_many_paths,
          uniq_blork_the_orc
D:5:      layout_cave_pools, dancing_weapons_uskayaw,
          chequers_temple_overflow_minitemple, temple_doors_e, enter_ossuary_3,
          uniq_sigmund
D:6:      layout_loops_ring, chequers_temple_overflow_statue_of_worship,
          minmay_bent
D:7:      layout_loops_ring, kennysheep_mini, grunt_livestock, amethyst_killhole
D:8:      layout_rooms, grunt_temple_overflow_order_and_chaos_2,
          lair_entry_dummy
D:9:      layout_grid_maze, zombieorc2_lemuel, serial_shops, shop_fountains,
          grunt_dithmenos_smoke
D:10:     layout_rooms, enter_trove_6, special_room [special_room_kobold]
D:11:     layout_basic, uniq_psyche
Lair:1:   layout_long_grid, st_stairs_4, minmay_lair_oklob_chamber
Lair:2:   layout_hall_layers, portal_ice_cave_entry_pillars_1, basic_altar,
          minmay_lair_oklob_bushes, serial_bayou_lagoon_a, grunt_megastairs_1,
          infiniplex_staircase_pool

Table legend:
 A = Turns spent in this place as a percentage of turns spent in the entire game.
 B = Non-inter-level travel turns spent in this place as a percentage of non-inter-level travel turns spent in the entire game.
 C = Inter-level travel turns spent in this place as a percentage of turns spent in this place.
 D = Turns resting spent in this place as a percentage of non-inter-level travel turns spent in this place.
 E = Turns spent auto-exploring this place as a percentage of non-inter-level travel turns spent in this place.
 F = Non-inter-level travel turns spent in this place divided by the number of levels of this place that you've seen.
                   A       B       C       D       E      F
               +-------+-------+-------+-------+-------+----------------------
         Total | 100.0 | 100.0 |   4.4 |  38.9 |  38.1 | 1049.5
       Dungeon |  83.1 |  82.4 |   5.2 |  37.3 |  39.9 | 1101.0
          Lair |  13.9 |  14.4 |   1.0 |  44.5 |  36.4 | 1056.0
      Ice Cave |   3.1 |   3.2 |   0.0 |  56.6 |   0.0 | 470.0
               +-------+-------+-------+-------+-------+----------------------

Table legend:
 A = Kills in this place as a percentage of kills in entire the game.
 B = Kills by you in this place as a percentage of kills by you in the entire game.
 C = Kills by friends in this place as a percentage of kills by friends in the entire game.
 D = Other kills in this place as a percentage of other kills in the entire game.
 E = Experience gained in this place as a percentage of experience gained in the entire game.
 F = Experience gained in this place divided by the number of levels of this place that you have seen.
                   A       B       C       D       E      F
               +-------+-------+-------+-------+-------+----------------------
         Total | 100.0 | 100.0 | 100.0 | 100.0 | 100.0 | 830.1
       Dungeon |  89.4 |  93.6 |  88.3 |  75.0 |  59.4 | 627.6
          Lair |   8.5 |   6.4 |   9.3 |   0.0 |  34.0 | 1973.5
      Ice Cave |   2.1 |   0.0 |   2.4 |  25.0 |   6.6 | 770.0
               +-------+-------+-------+-------+-------+----------------------
